[Event "Budapest Chess Festival 2024"]
[Site "Budapest"]
[Date "2024.05.29"]
[Round "7.19"]
[White "Palczert, Matyas"]
[Black "Tzidkiya, Yeshaayahu"]
[Result "0-1"]
[ECO "B72"]
[WhiteElo "2332"]
[BlackElo "2468"]
[Annotator "TA"]
[PlyCount "66"]
[EventDate "2024.05.20"]
[EventType "swiss"]
[EventCountry "HUN"]
[SourceTitle "playchess.com"]
[Source "ChessBase"]
[SourceQuality "1"]
[TimeControl "40/5400+30:1800+30"]

1. e4 c5 2. Nf3 d6 3. d4 cxd4 4. Nxd4 Nf6 5. Nc3 g6 6. Be3 Nc6 7. f3 $1 {[%emt 0:00:18] Dodges Ng4} h5 8. Bc4 Bd7 {[%emt 0:00:09] White is slightly better.} 9. Nxc6 bxc6 10. Qd2 Bg7 11. O-O-O Qa5 12. Kb1 (12. Rhe1 $5) 12... Rb8 {[%emt 0:00:23][%cal Of6e4] aiming for ...Nxe4!} 13. Bb3 Be6 14. Rhe1 Nd7 {[%emt 0:21:50] [#]} 15. Nd5 $1 Qd8 {[%emt 0:13:07] [#]} (15... Qxd2 16. Nc7+) 16. Bg5 $2 cxd5 $17 {[%emt 0:14:17] White is on the road to losing.} 17. exd5 Bf5 18. Bxe7 Qxe7 19. Rxe7+ Kxe7 20. Qe2+ {[%emt 0:05:43] White is weak on the dark squares} Kf8 {[%emt 0:03:18] ...Nc5 is the strong threat.} 21. Re1 {[%emt 0:01:01] [#]} (21. g4 $17 {might work better.} hxg4 22. fxg4) 21... Be5 $1 $19 {[%emt 0:01:46][%cal Of8g7] Active counter play!} 22. h4 Rb4 23. Ka1 Nc5 24. Qf2 $2 (24. c3 {nothing else works.} Rxh4 (24... Nxb3+ $2 25. axb3 Rxh4 26. Qf2 $19) 25. Qf2) 24... Kg7 {[%emt 0:01:09] Black is clearly winning.} 25. Rxe5 {[%emt 0:01:00] Threatens to win with Re1.} Nxb3+ 26. axb3 dxe5 27. Qe1 Rhb8 28. Qxe5+ Kg8 29. Qc7 R4b7 30. Qc6 Rb6 31. Qc7 Rc8 32. Qxa7 Rbb8 33. Kb1 {[%emt 0:00:10] [#]} Rxc2 $1 {[%emt 0:00:37] Weighted Error Value: White=1.03/Black=0.21 (precise) .  Mistake:       	White=3     	---        Inaccurate:     	White=1     	---        OK:         	White=6     	Black=11     Best:        	---       	Black=4      Strong:       	White=1     	Black=1} 0-1

[Event "Budapest Chess Festival 2024"]
[Site "Budapest"]
[Date "2024.05.29"]
[Round "7.20"]
[White "Stefansson, Vignir Vatnar"]
[Black "Chubakov, Sultan"]
[Result "1-0"]
[ECO "D11"]
[WhiteElo "2463"]
[BlackElo "2304"]
[Annotator "RC"]
[PlyCount "68"]
[EventDate "2024.05.20"]
[EventType "swiss"]
[EventCountry "HUN"]
[SourceTitle "playchess.com"]
[Source "ChessBase"]
[SourceQuality "1"]
[TimeControl "40/5400+30:1800+30"]

1. d4 d5 2. c4 c6 3. Nf3 Nf6 4. g3 Bf5 5. Nc3 e6 6. Nh4 Be4 7. f3 Bg6 8. Nxg6 hxg6 9. Qb3 Qb6 10. c5 Qc7 11. e4 Be7 12. Bf4 Qc8 13. Bd6 Nfd7 14. O-O-O Bxd6 15. cxd6 O-O 16. Kb1 a5 17. Rc1 Nf6 18. Bh3 g5 19. e5 Nfd7 20. f4 g6 21. fxg5 c5 22. dxc5 Qxc5 23. Rhe1 Qb4 24. Qc2 Kg7 25. Qf2 Qb6 26. Qf4 Nc5 27. Qf6+ Kh7 28. Nxd5 exd5 29. e6 Nxe6 30. Rxe6 Nd7 31. Qe7 Rad8 32. Rf1 Kg8 33. Rxf7 Qg1+ 34. Bf1 Nf6 1-0

[Event "Budapest Chess Festival 2024"]
[Site "Budapest"]
[Date "2024.05.30"]
[Round "8.1"]
[White "Ivanisevic, Ivan"]
[Black "Sokolovsky, Yahli"]
[Result "1/2-1/2"]
[ECO "D50"]
[WhiteElo "2537"]
[BlackElo "2484"]
[Annotator "TA"]
[PlyCount "49"]
[EventDate "2024.05.20"]
[EventType "swiss"]
[EventCountry "HUN"]
[SourceTitle "playchess.com"]
[Source "ChessBase"]
[SourceQuality "1"]
[TimeControl "40/5400+30:1800+30"]

1. d4 Nf6 2. c4 e6 3. Nc3 d5 4. Bg5 dxc4 5. e4 c5 6. d5 Be7 7. Bxf6 Bxf6 8. Bxc4 exd5 9. Bxd5 Nc6 10. Nge2 Nb4 11. O-O Nxd5 12. Nxd5 O-O 13. Qc2 Bg4 14. Nxf6+ Qxf6 15. Ng3 b6 16. f4 Qd4+ 17. Qf2 Qxf2+ 18. Kxf2 {[%emt 0:04:23] The position is equal.} Rfd8 19. Ke3 {[%emt 0:03:34] Against Rd2} Be6 20. b3 f6 21. Rfd1 Kf8 22. Ne2 Bg4 23. h3 Bxe2 24. Kxe2 Ke7 25. Ke3 {[%emt 0:00:34] Weighted Error Value: White=0.06 (flawless) /Black=0.04 (flawless) .  Inaccurate:     	White=1     	Black=1      OK:         	White=8     	Black=9} 1/2-1/2

[Event "Budapest Chess Festival 2024"]
[Site "Budapest"]
[Date "2024.05.30"]
[Round "8.3"]
[White "Juhasz, Agoston"]
[Black "Aryan Chopra"]
[Result "0-1"]
[ECO "C50"]
[WhiteElo "2431"]
[BlackElo "2641"]
[Annotator "TA"]
[PlyCount "60"]
[EventDate "2024.05.20"]
[EventType "swiss"]
[EventCountry "HUN"]
[SourceTitle "playchess.com"]
[Source "ChessBase"]
[SourceQuality "1"]
[TimeControl "40/5400+30:1800+30"]

1. e4 e5 2. Nf3 Nc6 3. Bc4 Bc5 4. d3 Nf6 5. Nc3 h6 6. a3 d6 7. h3 Be6 8. Bxe6 fxe6 9. Be3 Bxe3 {[%emt 0:03:02] The position is equal.} 10. fxe3 d5 11. O-O O-O 12. exd5 exd5 13. e4 d4 14. Ne2 Qd6 15. Ng3 Kh7 16. Nf5 Qe6 17. Qe1 Nh5 (17... Nd7 $14) 18. c3 (18. Qh4 $16 Qe8 19. g4) 18... dxc3 $11 19. bxc3 g6 20. Ne3 Nf4 21. Ng4 {[%emt 0:02:07] Strongly threatening Qh4.} Qe7 22. d4 exd4 23. cxd4 h5 24. Ne3 Rad8 {[%emt 0:00:42] Prevents Nd5.} 25. Rd1 Kg8 26. Nc2 Rde8 27. e5 Qd8 {[%emt 0:01:30] [#]} (27... Nd8 $14) 28. d5 $2 {[%emt 0:02:17][%mdl 8192] [#]} Nxe5 $1 $19 29. Nxe5 {[%emt 0:10:25] Nd4 would now be deadly.} Qg5 (29... Nxd5 $2 {loses.} 30. Rxf8+ Rxf8 31. Qe4 $18 (31. Nxg6 Rf7 $18)) 30. Rxf4 (30. Ne3 $142 Rxe5 (30... Nxh3+ $2 31. Kh1 $19) 31. h4 Nh3+ 32. Kh2 Rxf1 (32... Qxe3 $2 33. gxh3 Rxf1 34. Qxe3 $19) 33. hxg5 Rxe1 34. Rxe1) 30... Qxf4 {[%emt 0:01:10] Weighted Error Value: White=0.48/Black=0.15 (very precise) .  Loses game:     	White=1     	---        Mistake:       	White=2     	Black=2      Inaccurate:     	---       	Black=2      OK:         	White=11    	Black=6      Best:        	White=1     	Black=1      Brilliant:      	---       	Black=1} 0-1

[Event "Budapest Chess Festival 2024"]
[Site "Budapest"]
[Date "2024.05.30"]
[Round "8.4"]
[White "Kadric, Denis"]
[Black "Haring, Filip"]
[Result "1-0"]
[ECO "C50"]
[WhiteElo "2558"]
[BlackElo "2484"]
[Annotator "TA"]
[PlyCount "99"]
[EventDate "2024.05.20"]
[EventType "swiss"]
[EventCountry "HUN"]
[SourceTitle "playchess.com"]
[Source "ChessBase"]
[SourceQuality "1"]
[TimeControl "40/5400+30:1800+30"]

1. e4 e5 2. Nf3 Nc6 3. Bc4 Nf6 4. d3 Bc5 5. c3 d6 6. Bg5 h6 7. Bh4 Bb6 {[%emt 0:02:36] C54: Giuoco Piano: 4 c3 Nf6, main lines with 5 d4 and 5 d3.} 8. a4 a5 9. Nbd2 g5 10. Bg3 O-O 11. h3 $146 ({Predecessor:} 11. O-O Bg4 12. Re1 Ne7 13. Qc2 Ng6 14. d4 Qe7 15. Qd3 Nh5 16. h3 Bd7 17. Nf1 {1-0 Grajczak,A (1880)-Hury,T (1700) Warsaw Najdorf Memorial op-B 2023 (1)}) 11... Kg7 12. Qe2 Qe8 13. Bb5 Nh5 14. Bh2 f5 15. exf5 Nf4 16. Bxf4 exf4 17. Nc4 Bxf5 18. Nxb6 Qxe2+ 19. Kxe2 cxb6 20. Kd2 Kf6 21. Rhe1 Ne5 22. Nd4 Bg6 23. f3 Rac8 24. Re2 Bf7 25. Rae1 Rc7 26. Nc2 h5 27. Na3 g4 (27... Re7 $11 {keeps the balance.}) 28. d4 $16 Ng6 29. hxg4 hxg4 30. fxg4 Kg5 31. Rf2 Bd5 32. Be2 Re7 {[%emt 0:02:02] [#]} 33. Bf3 (33. Nb5 $142 $1) 33... Rxe1 $16 34. Kxe1 Bxf3 $2 (34... Bb3 $16) 35. gxf3 $18 (35. Rxf3 Nh4 36. Rh3 Nxg2+ 37. Kf2 Kxg4 $11) 35... d5 36. Rh2 Nh4 37. Kf2 Re8 38. Nc2 b5 39. axb5 Re6 40. Rh1 Rb6 41. Ne1 Rxb5 42. Nd3 Rb6 (42... Rb3 $142 43. Ra1 b6) 43. Re1 $18 Ng6 44. Re8 Kf6 45. Rd8 Ke6 (45... Rb5 $142 46. Rd6+ Kf7) 46. Nc5+ $18 Kf6 (46... Kf7 $142 47. Rd7+ (47. Rxd5 Rxb2+ 48. Kf1 b5 $14) 47... Ne7 48. Rxb7 (48. Nxb7 $2 {is the wrong capture.} Rxb2+ 49. Kg1 a4 $19) 48... Rxb7 49. Nxb7 Nc6) 47. Nd7+ $18 ({Less strong is} 47. Rxd5 Rxb2+ 48. Ke1 Nh4 $16) 47... Ke7 48. Nxb6 Kxd8 49. Nxd5 b5 50. Ke2 1-0

[Event "Budapest Chess Festival 2024"]
[Site "Budapest"]
[Date "2024.05.30"]
[Round "8.5"]
[White "Shagbazyan, Taron"]
[Black "Onyshchuk, Volodymyr"]
[Result "1-0"]
[ECO "E91"]
[WhiteElo "2403"]
[BlackElo "2619"]
[Annotator "TA"]
[PlyCount "61"]
[EventDate "2024.05.20"]
[EventType "swiss"]
[EventCountry "HUN"]
[SourceTitle "playchess.com"]
[Source "ChessBase"]
[SourceQuality "1"]
[TimeControl "40/5400+30:1800+30"]

1. d4 Nf6 2. c4 g6 3. Nc3 Bg7 4. e4 d6 5. Nf3 O-O 6. Be2 c6 7. O-O e5 8. dxe5 dxe5 9. Nxe5 Nxe4 10. Nxe4 Bxe5 11. Bg5 {[%emt 0:00:14] White has an edge.} Qxd1 12. Rfxd1 Nd7 13. Nd6 Nf6 14. Bf3 a5 15. Rd2 Kg7 16. Re1 {[%emt 0:01:46][%cal Ba1e1,Be1d1,Bd1d6][%mdl 32] White has more active pieces.} Bxd6 17. Rxd6 Be6 {[%emt 0:00:01] Black is weak on the dark squares} 18. Bd2 $36 {[%emt 0:04:27][%mdl 2048] Bc3 is the strong threat. White has some pressure. This pair of bishops is nice.} h5 $2 {[%emt 0:11:29] Black cannot hold the game after this.} (18... Ne8 $14 19. Rd4 Kg8) 19. Bc3 $18 Rad8 {[%emt 0:00:06] [#]} 20. Red1 Rxd6 21. Rxd6 h4 22. g4 (22. Bxa5 Ra8 23. Bc3 Rxa2 $16) 22... hxg3 23. hxg3 (23. Bxa5 gxf2+ 24. Kxf2 Rh8 $11 (24... Bxc4 25. Bc3 $18)) (23. fxg3 g5 24. a4 (24. Bxa5 Ra8 $16) 24... Kg6 $18) 23... g5 24. Be4 (24. Bxa5 Ra8 25. Bc3 Kg6 $18) 24... Rh8 25. g4 {[%emt 0:00:47] [#] Black must now prevent f4.} Rh6 $2 (25... Rh4) 26. f4 {[%emt 0:01:54] White is clearly winning.} Rh4 27. Bf3 gxf4 28. g5 (28. Bxa5 Nxg4 (28... Bxc4 $2 {perishes.} 29. Bc3 $18) 29. Rd4 c5 $11 (29... Ne5 30. Be2 $17)) 28... Kg6 29. Bxf6 Bxc4 30. Be4+ Kh5 31. g6 {[%emt 0:00:39] Weighted Error Value: White=0.00 (flawless) /Black=0.38.  Mistake:       	---       	Black=2      Inaccurate:     	---       	Black=1      OK:         	White=11    	Black=10     Best:        	White=2     	Black=2} 1-0

[Event "Budapest Chess Festival 2024"]
[Site "Budapest"]
[Date "2024.05.30"]
[Round "8.6"]
[White "Berkes, Ferenc"]
[Black "Stefansson, Vignir Vatnar"]
[Result "1-0"]
[ECO "D02"]
[WhiteElo "2618"]
[BlackElo "2463"]
[Annotator "TA"]
[PlyCount "69"]
[EventDate "2024.05.20"]
[EventType "swiss"]
[EventCountry "HUN"]
[SourceTitle "playchess.com"]
[Source "ChessBase"]
[SourceQuality "1"]
[TimeControl "40/5400+30:1800+30"]

1. d4 d5 2. Nf3 Nf6 3. c4 e6 4. e3 a6 5. b3 c5 6. Be2 Nc6 7. O-O cxd4 8. exd4 {White has an edge.} b6 9. Nc3 Bb4 10. Bb2 O-O 11. a3 Bd6 12. cxd5 exd5 13. Rc1 Bd7 14. h3 Bf4 15. Rc2 Na5 16. Bc1 Bxc1 17. Rxc1 Qe7 18. b4 Nb7 19. Re1 Qd8 20. Ne5 Be6 21. Bf3 {White has more active pieces.} b5 22. a4 Qb6 (22... bxa4 $142 23. Qxa4 (23. Nc6 Qd6 $14) 23... h6) 23. a5 ({White should try} 23. axb5 axb5 24. Ng4 Bxg4 25. hxg4) 23... Qd8 ({Better is} 23... Qd6) 24. Nd3 Nd6 25. Nf4 Qd7 26. Ncxd5 (26. Bxd5 Nxd5 27. Ncxd5 Bxd5 28. Nxd5 Nc4 $18) 26... Bxd5 27. Nxd5 Nxd5 28. Bxd5 Rac8 (28... Rad8 $142 29. Rc5 Nf5) 29. Qg4 $18 Qxg4 30. hxg4 Rxc1 31. Rxc1 {Black must now prevent Rc6.} Rc8 {[#]} (31... Rd8 32. Rc6 Ne8) 32. Rxc8+ Nxc8 {KB-KN} 33. Bb7 Nd6 34. Bd5 (34. Bxa6 Kf8 35. Bb7) 34... Nc8 $1 35. Bb7 $2 {[%emt 1:27:55][%mdl 32768] Weighted Error Value: White=0.27 (precise) /Black=0.29 (precise) .  Mistake:       	White=1     	Black=4      Inaccurate:     	---       	Black=3      OK:         	White=10    	Black=6      Best:        	White=1     	---        Strong:       	---       	Black=1     . Loss on time!?} (35. Kh2 $18 Nd6 36. Kg3) 1-0

[Event "Budapest Chess Festival 2024"]
[Site "Budapest"]
[Date "2024.05.30"]
[Round "8.7"]
[White "Shohat, Yotam"]
[Black "Prohaszka, Peter"]
[Result "1-0"]
[ECO "C70"]
[WhiteElo "2410"]
[BlackElo "2581"]
[Annotator "RC"]
[PlyCount "65"]
[EventDate "2024.05.20"]
[EventType "swiss"]
[EventCountry "HUN"]
[SourceTitle "playchess.com"]
[Source "ChessBase"]
[SourceQuality "1"]
[TimeControl "40/5400+30:1800+30"]

1. e4 e5 2. Nf3 Nc6 3. Bb5 a6 4. Ba4 Bc5 5. O-O Nge7 6. c3 Ba7 7. d4 Ng6 8. Bg5 f6 9. Be3 O-O 10. Nbd2 Kh8 11. Re1 exd4 12. Nxd4 Nxd4 13. Bxd4 d6 14. Bxa7 Rxa7 15. Nf1 f5 16. exf5 Bxf5 17. Ng3 Nh4 18. Nxf5 Nxf5 19. Bc2 Ra8 20. Qg4 Qf6 21. Re2 g6 22. Rae1 Ng7 23. f3 Rad8 24. Qb4 Rb8 25. Bb3 b5 26. Qa5 Rb6 27. Re7 d5 28. Qb4 c6 29. Rc7 Rbb8 30. Ree7 Ne6 31. Rxc6 a5 32. Rexe6 Qxe6 33. Qd4+ 1-0

[Event "Budapest Chess Festival 2024"]
[Site "Budapest"]
[Date "2024.05.30"]
[Round "8.8"]
[White "Yaniv, Yuval"]
[Black "Teclaf, Pawel"]
[Result "0-1"]
[ECO "B94"]
[WhiteElo "2337"]
[BlackElo "2568"]
[Annotator "TA"]
[PlyCount "90"]
[EventDate "2024.05.20"]
[EventType "swiss"]
[EventCountry "HUN"]
[SourceTitle "playchess.com"]
[Source "ChessBase"]
[SourceQuality "1"]
[TimeControl "40/5400+30:1800+30"]

1. e4 c5 2. Nf3 d6 3. d4 cxd4 4. Nxd4 Nf6 5. Nc3 a6 6. Bg5 Nbd7 7. Bc4 Qb6 8. Bb3 e6 9. Bxf6 Nxf6 {[%emt 0:02:41] The position is equal.} 10. Qd2 Nd7 11. O-O-O Nc5 12. Rhe1 g6 {[%emt 0:21:02] Against Nf5} 13. f4 Bd7 14. f5 O-O-O 15. fxe6 fxe6 16. Rf1 Bg7 17. Rf7 Be5 18. Nf3 Be8 19. Re7 Bf6 {[%emt 0:05:04] This pair of bishops is nice.} 20. Rxe6 Nxe6 21. Nd5 {[%emt 0:00:34] Against Nc7} Qc5 (21... Bxb2+ $11 22. Kxb2 Qc5 23. Ne7+ Kd7) 22. Nxf6 $14 Bf7 23. Kb1 ({Better is} 23. e5 $16 {Threatens to win with Ne4.} d5 (23... dxe5 $2 {perishes.} 24. Nd7 $18) 24. Kb1 (24. Nxd5 Nc7 $11)) 23... Kb8 $11 24. e5 $2 dxe5 $19 25. Qxd8+ Rxd8 26. Rxd8+ Ka7 27. Rd1 {[%emt 0:05:55] [#]} Nd4 $40 {[%emt 0:03:06][%mdl 128] Black attacks with force.} 28. Nd7 $2 {[%emt 0:03:25][%mdl 8192] Loses the game.} (28. Bxf7 $2 {gets mated.} Qxc2+ 29. Ka1 Qxd1#) (28. Nxd4 $17 exd4 29. Bxf7) 28... Qc7 {[%emt 0:00:16] Black is clearly winning.} 29. Ndxe5 Bxb3 30. Nxd4 Bxc2+ ({Don't play} 30... Qxe5 31. cxb3 Qe4+ (31... Qxh2 $2 32. Rd2 $19) 32. Kc1 Qxg2 33. Rd2 Qf1+ 34. Rd1) 31. Nxc2 Qxe5 {[%emt 0:00:02][%mdl 4096] Endgame. KQ-KRN} 32. a3 Qxh2 33. Ne3 Qg3 34. Rd3 h5 35. Kc2 h4 36. Kd2 Qf2+ 37. Kc3 g5 38. b3 Qg3 39. Kd2 g4 {[%emt 0:00:13] [#] And now ...h3 would win.} 40. Ke2 h3 41. gxh3 gxh3 42. Nf1 Qg2+ 43. Ke1 Qe4+ (43... h2 $142 44. Nxh2 Qxh2) 44. Kd2 Qf4+ 45. Ke2 h2 {[%emt 0:00:03] Weighted Error Value: White=0.74/Black=0.24 (precise) .  Loses game:     	White=2     	---        Mistake:       	White=1     	Black=2      Inaccurate:     	White=1     	Black=1      OK:         	White=8     	Black=10     Best:        	White=3     	Black=7} 0-1

[Event "Budapest Chess Festival 2024"]
[Site "Budapest"]
[Date "2024.05.30"]
[Round "8.9"]
[White "Samunenkov, Ihor"]
[Black "Horvath, David"]
[Result "1-0"]
[ECO "D11"]
[WhiteElo "2547"]
[BlackElo "2313"]
[Annotator "TA"]
[PlyCount "89"]
[EventDate "2024.05.20"]
[EventType "swiss"]
[EventCountry "HUN"]
[SourceTitle "playchess.com"]
[Source "ChessBase"]
[SourceQuality "1"]
[TimeControl "40/5400+30:1800+30"]

1. d4 d5 2. c4 c6 3. Nf3 Nf6 4. g3 g6 5. Bg2 Bg7 6. cxd5 cxd5 7. Nc3 O-O 8. Ne5 Nc6 9. O-O Bf5 10. Nxc6 bxc6 11. Bf4 Nd7 12. Rc1 e5 13. dxe5 Nxe5 14. b3 Rc8 15. h3 Qe7 16. g4 (16. e4 dxe4 17. Bxe5 (17. Nxe4 Rfd8 $17) 17... Qxe5 $17) 16... Be6 {[%emt 0:06:13] The position is equal.} 17. Qd2 f5 18. g5 Rfd8 19. Rfd1 Bf7 20. Na4 Nd7 21. Rc2 Nf8 22. Nc5 Ne6 23. Nxe6 Bxe6 24. b4 c5 25. bxc5 Rxc5 26. Rxc5 Qxc5 27. Rc1 {[%emt 0:00:09] Wards off Bc3} Qe7 28. Qa5 Rd7 (28... Bf8 $16 29. a4 h6) 29. Rc8+ $18 Kf7 30. h4 Bd4 (30... Rb7 $142) 31. Qa4 Bg7 {[%emt 0:00:40] [#]} 32. h5 $1 {[%emt 0:02:01][%mdl 512] Black must now prevent h6.} Rb7 33. Rc6 {[%emt 0:03:10] White is more active.} ({White should play} 33. Ra8 $16 {Hoping for h6.} Rb4 34. Qa6 (34. Qxa7 Qxa7 35. Rxa7+ Kg8 $18) (34. hxg6+ Kxg6 35. Rxa7 Rxf4 $14) 34... Rxf4 35. Rxa7 (35. Qxa7 $2 Rc4 $19)) 33... Rb1+ $1 $14 34. Kh2 Rb4 35. Qa5 $36 {[%emt 0:01:59][%mdl 2048] White is pushing.} (35. hxg6+ hxg6 36. Qa5 Rxf4 $11) 35... Rxf4 36. Rc7 Bd7 (36... Rh4+ 37. Kg1 Bd7 38. Qxd5+ Ke8 39. Rxa7 $14) 37. Qxd5+ Ke8 38. Rxa7 Ra4 $2 {[%emt 0:00:57] This move loses the game for Black.} (38... Qd8 39. Qg8+ Ke7 40. Qxg7+ Kd6 41. Ra6+ (41. Qxh7 Rxf2 42. Qxg6+ Kc5 $18) 41... Kc5 42. Qe5+ (42. hxg6 Qb8 $18) 42... Kb4 43. Qxf4+ Kb5 44. Ra3) (38... Rh4+ $1 $11 {and Black stays safe.} 39. Kg1 Qe6 40. Qxe6+ Bxe6 41. Rxg7 Rxh5) 39. Qa8+ $18 Qd8 40. Rxa4 Bxa4 41. Qxa4+ Ke7 42. h6 {[%emt 0:04:43] [#] White wants to mate with Qa7+.} Be5+ 43. f4 Bd6 (43... Bb8 $142 44. Qb4+ Qd6 45. Qxd6+ Bxd6) 44. Qd4 {[%emt 0:01:44] Strongly threatening Bc6.} Qa5 $2 (44... Qc7 45. Qg7+ Ke8 46. Qg8+ Kd7 47. Qxh7+ Be7) 45. Bc6 {[%emt 0:00:29] Weighted Error Value: White=0.11 (very precise) /Black=0.28 (precise) .  Loses game:     	---       	Black=1      Mistake:       	White=1     	Black=4      Inaccurate:     	White=2     	---        OK:         	White=17    	Black=5      Best:        	White=6     	Black=6      Strong:       	---       	Black=1} 1-0

[Event "Budapest Chess Festival 2024"]
[Site "Budapest"]
[Date "2024.05.30"]
[Round "8.10"]
[White "Kantor, Gergely"]
[Black "Deuer, Marius"]
[Result "0-1"]
[ECO "B12"]
[WhiteElo "2527"]
[BlackElo "2436"]
[Annotator "TA"]
[PlyCount "77"]
[EventDate "2024.05.20"]
[EventType "swiss"]
[EventCountry "HUN"]
[SourceTitle "playchess.com"]
[Source "ChessBase"]
[SourceQuality "1"]
[TimeControl "40/5400+30:1800+30"]

1. e4 c6 2. d4 d5 3. e5 Bf5 4. h4 h5 5. c4 e6 6. Nc3 Ne7 7. Nge2 Nd7 8. Ng3 Bg6 9. Bg5 {The position is equal.} Qb6 10. Rc1 Qxb2 11. Bd3 dxc4 12. Bxg6 Nxg6 13. O-O $1 Qa3 14. Nge4 ({Better is} 14. Nxh5 $11 Nb6 15. Ne4) 14... Nb6 (14... Bb4 $1 $15) 15. Rb1 Be7 16. Bxe7 Nxe7 17. Nd6+ Kf8 $1 18. Qf3 {[%csl Gd6][%cal Rf3f7] [#]} Nf5 $1 19. Nxf5 (19. Nxb7 $2 Nxd4 (19... Rb8 20. Nd6 $15) 20. Qe4 Qxc3 $19) 19... exf5 20. Qxf5 Qxc3 21. e6 Kg8 {Strongly threatening ...Rf8.} (21... Qxd4 22. Qxf7#) (21... f6 $6 22. Qg6 Kg8 (22... Qxd4 23. Qf7#) (22... Ke7 $2 23. Rxb6 Kd6 24. Rxb7 $18) 23. e7 $16) 22. Qxf7+ (22. exf7+ Kf8 23. Qc5+ Kxf7 24. Qf5+ Kg8 25. Qe6+ Kh7 26. Qe4+ Kh6 27. Qf4+ Kh7 28. Qe4+ Kh6 29. Qf4+ Kh7 30. Qe4+) 22... Kh7 {Hoping for ...Rhf8.} 23. Qxh5+ Kg8 24. Qf7+ Kh7 25. Qf5+ Kg8 {[%cal Oa8f8] ...Rf8! would now be deadly.} 26. Rbe1 $2 {[%mdl 8192] [#]} (26. Qf7+ $11 {and White is okay.} Kh7 27. Qh5+ (27. Qxb7 $2 Qxd4 28. Qxc6 Rac8 $19) 27... Kg8 28. Qf7+) 26... Rf8 $1 $19 (26... Qxd4 $2 {is the wrong capture.} 27. e7 Qd7 (27... Re8 $2 28. Qe6+ Kh7 29. Re5 $18) 28. Qxd7 Nxd7 29. e8=Q+ (29. e8=B $2 Nf6 $19) (29. e8=R+ Rxe8 30. Rxe8+ Kh7 $18) 29... Rxe8 30. Rxe8+ Kh7 31. Re7 $18) 27. Qg4 {e7 is the strong threat.} Rh6 {Black is clearly winning.} 28. Re5 Qb4 29. f4 ({Of course not} 29. e7 Re8 30. Re6 Qd2 $19) 29... Qe7 30. g3 Nd5 31. f5 c3 32. a4 (32. Qe2 $142) 32... b6 {[%cal Oh6e6] And now ...Rxe6! would win.} 33. Qe4 a6 34. Qd3 b5 {Inhibits Qc4.} 35. axb5 axb5 36. Ra1 Rhf6 37. g4 Rh6 ({Weaker is} 37... b4 38. g5 $17) 38. g5 Rxh4 39. Qg3 {Weighted Error Value: White=0.39/Black=0.19 (very precise) .  Loses game:     	White=1     	---        Mistake:       	White=2     	Black=1      Inaccurate:     	White=1     	Black=2      OK:         	White=12    	Black=9      Best:        	White=1     	Black=1      Strong:       	White=1     	Black=3} 0-1

[Event "Budapest Chess Festival 2024"]
[Site "Budapest"]
[Date "2024.05.30"]
[Round "8.11"]
[White "Popovic, Dusan"]
[Black "Cabarkapa, Novak"]
[Result "0-1"]
[ECO "C00"]
[WhiteElo "2486"]
[BlackElo "2444"]
[Annotator "TA"]
[PlyCount "68"]
[EventDate "2024.05.20"]
[EventType "swiss"]
[EventCountry "HUN"]
[SourceTitle "playchess.com"]
[Source "ChessBase"]
[SourceQuality "1"]
[TimeControl "40/5400+30:1800+30"]

1. e4 e6 2. d3 d5 3. Nd2 Nf6 4. Ngf3 Be7 5. g3 O-O 6. Bg2 dxe4 7. dxe4 Nc6 8. O-O e5 9. c3 a5 10. a4 Bc5 11. Qe2 b6 {[%emt 0:00:27] The position is equal.} 12. Nc4 Ba6 13. b3 Qe7 14. h3 Qe6 15. Nfd2 Rad8 16. Kh2 Ne8 {[%emt 0:13:56] Black is much more active.} 17. f4 ({White should play} 17. Bb2 $15) 17... exf4 $17 18. gxf4 Nd6 19. e5 Nxc4 20. Nxc4 f6 21. Qg4 Bxc4 22. bxc4 Qxc4 23. exf6 Rxf6 ({Not} 23... Qxc3 24. Qxg7#) 24. f5 {[%emt 0:02:20] Prevents Rg6. White is weak on the dark squares} Qxc3 25. Bg5 Ne5 26. Qh4 {[%emt 0:01:43] [#]} (26. Qe2 $15) 26... Rd4 $1 27. Qe1 ({But not} 27. Bxf6 $2 Rxh4 28. Bxh4 Bd6 $19) 27... Qxe1 28. Raxe1 {[%emt 0:00:17] [#]} Bd6 $1 {[%emt 0:03:31] ...Nf3+ would now be deadly.} 29. Bxf6 gxf6 30. Kh1 (30. Ra1 $17) 30... Rxa4 $19 31. Bd5+ (31. Rg1 {was necessary.} Kh8 32. Re3) 31... Kg7 32. Rg1+ Kh6 {[%emt 0:00:05] Black has a decisive advantage.} 33. Rg8 Rf4 34. Be6 a4 {[%emt 0:00:27] Weighted Error Value: White=0.26 (precise) /Black=0.10 (very precise) .  Mistake:       	White=4     	---        Inaccurate:     	White=2     	Black=1      OK:         	White=3     	Black=9      Best:        	White=3     	Black=3      Strong:       	---       	Black=1} 0-1